cohdb
Replays
Latest Replays
All Replays
Popular Replays
Top Player Replays
Match Explorer
How It Works
Community
CoH3 Stats
Reddit
Sign in to upload your games and track your stats! →
Sign in with Steam
Match 47075261
Unlisted
Match 47075261
Overview
Messages
Build Orders
End
Selects Italian Coastal Battlegroup
Kettenkrad Recon Vehicle
Selects Coastal Reserves
Coastal Reserve
Coastal Reserve
Coastal Reserve
Construct Infanterie Kompanie
MG 42 Machine Gun Team
Selects Artillery Officer
Construct Panzergrenadier Kompanie
251 Medium Carrier
Pak 40 Anti-tank Gun Team
MG 42 Bunker
Artillery Officer
MG 42 Bunker
Selects Support Bunkers
Selects Rapid Fortifications
Rapid Fortifications
MG 42 Bunker
Rapid Fortifications
Construct Panzer Kompanie
Repair Bunker
Kettenkrad Recon Vehicle
Rapid Fortifications
Selects Obice da 210/22 Artillery Emplacement
MG 42 Bunker
Panzer IV Medium Tank
missshhhck
свитлана
DrewP
Truax
0
0
Comments
sign in to comment!
No comments posted yet!